AoeStats
← Juanfreelance

Arabia

508356032Analyzed
2v2 RM · 10d ago on Sep 22, 2026· 39m 33s· 4 players
Game mode
Random Map
Map size
Medium (4 player)
Population
200
Speed
Normal
Resources
Standard
Victory
Conquest
Starting age
Dark Age
Ending age
Imperial Age
RankedLock teamsTeams togetherTeam positionsShared explorationLock speedFull tech treeHidden civsTurbo modeCheats
Victory
Defeat
🇲🇽 Mongols · Mexico
1269
+15
🇲🇽 Bulgarians · Mexico
1268
+16
🇵🇦 Persians · Panama
1292
-17
🇮🇳 Khmer · India
1224
-14
Velmont
8:25 Loom
10:53 Feudal Age
14:55 Horse Collar
15:53 Fletching
22:42 Castle Age
21:25 Scale Barding Armor
22:28 Forging
22:35 Bloodlines
23:34 Husbandry
23:23 Double-Bit Axe
Juanfreelance
6:18 Loom
9:06 Feudal Age
9:36 Double-Bit Axe
9:32 Horse Collar
16:28 Forging
21:46 Scale Barding Armor
26:27 Castle Age
25:24 Bloodlines
25:52 Gold Mining
26:01 Gold Mining
27:46 Iron Casting
27:32 Chain Barding Armor
27:48 Husbandry
29:59 Chain Barding Armor
34:34 Wheelbarrow
34:02 Heavy Plow
35:32 Bow Saw
39:43 Imperial Age
Antonio Margarete
9:40 Feudal Age
13:32 Double-Bit Axe
14:31 Horse Collar
17:32 Forging
17:28 Scale Barding Armor
22:23 Castle Age
21:17 Loom
23:22 Bloodlines
23:13 Husbandry
23:32 Bow Saw
24:46 Gold Mining
27:27 Iron Casting
27:45 Chain Barding Armor
29:59 Wheelbarrow
29:26 Heavy Plow
30:36 Gold Shaft Mining
31:18 Pikeman
31:59 Squires
32:33 Gambesons
36:56 Imperial Age
35:19 Scale Mail Armor
36:02 Hand Cart
35:51 Town Watch
36:36 Chain Mail Armor
36:53 Stone Mining
37:29 Town Patrol
36:57 Cavalier
38:19 Stone Shaft Mining
39:52 Stirrups
ALV-Compa Robemmanml
6:37 Loom
8:40 Feudal Age
10:14 Double-Bit Axe
14:58 Forging
19:27 Wheelbarrow
18:33 Horse Collar
19:19 Scale Barding Armor
23:40 Castle Age
21:48 Gold Mining
22:13 Bloodlines
24:37 Bow Saw
25:15 Iron Casting
25:22 Gold Shaft Mining
26:12 Chain Barding Armor
26:25 Husbandry
28:10 Town Watch
28:43 Hand Cart
28:39 Stone Mining
34:44 Imperial Age
34:47 Heavy Camel Rider
36:33 Blast Furnace
Connection lost

Rejoining the realm…

Still unreachable

The connection could not be restored.

Session expired

The server has moved on; the page needs a fresh start.